 Dungeon Crawl Stone Soup version 0.30.1-4-g462c640d31 (webtiles) character file.

Game seed: 18094544281660318610

305 Graphine the Grave Robber (level 6, -3/41 HPs)
             Began as a Demonspawn Necromancer on Sept 8, 2023.
             Killed by divine providence
             ... invoked by an orc priest
              (16 damage)
             ... on level 5 of the Dungeon.
             The game lasted 00:07:58 (3575 turns).

Graphine the Grave Robber (Demonspawn Necromancer)  Turns: 3575, Time: 00:07:58

Health: -3/41      AC:  4    Str: 11    XL:     6   Next: 16%
Magic:  9/11       EV: 15    Int: 16    God:
Gold:   165        SH:  0    Dex: 13    Spells: 3/11 levels left

rFire   . . .        j - +3 short sword (drain)
rCold   . . .        (no shield)
rNeg    . . .        a - +0 robe
rPois   .            i - +1 helmet
rElec   .            (no cloak)
rCorr   .            (no gloves)
SInv    .            (no boots)
Will    .....        (no amulet)
Stlth   ++           (no ring)
HPRegen 0.26/turn    (no ring)
MPRegen 0.12/turn

%: no passive effects
@: no status effects
A: claws 1, repulsion field 1, demonic guardian 2
a: no special abilities


You were on level 5 of the Dungeon.
You visited 1 branch of the dungeon, and saw 5 of its levels.

You collected 165 gold pieces.

Inventory:

Hand Weapons
 d - a +0 spear
 j - a +3 short sword of draining (weapon)
Armour
 a - a +0 robe (worn)
 i - a +1 helmet (worn)
Magical Staves
 r - a staff of air
Jewellery
 e - an amulet of regeneration
 t - a +6 ring of strength
Scrolls
 g - a scroll of fear
 m - a scroll of silence
 q - 2 scrolls of immolation
Potions
 b - a potion of magic
 f - 2 potions of lignification
 h - 2 potions of might {unknown}
 k - a potion of flight {unknown}
 l - a potion of heal wounds {unknown}
 o - a potion of mutation {unknown}
 p - a potion of berserk rage {unknown}
 s - a potion of brilliance {unknown}


   Skills:
 + Level 2.3 Short Blades
 - Level 0.7 Maces & Flails
 + Level 3.3 Dodging
 - Level 1.7 Stealth
 + Level 3.4 Spellcasting
 + Level 5.5 Necromancy


You had 3 spell levels left.
You knew the following spells:

 Your Spells              Type           Power      Damage    Failure   Level
a - Necrotise             Necr           80%        1d8       1%          1
b - Vampiric Draining     Necr           20%        2d7       5%          3
c - Animate Dead          Necr           20%        N/A       19%         4

Your spell library contained the following spells:

 Spells                   Type           Power      Damage    Failure   Level
 Sublimation of Blood     Necr           20%        N/A       2%          2
 Sting                    Tmut/Pois      8%         1d3       19%         1
 Summon Small Mammal      Summ           8%         N/A       19%         1
 Poisonous Vapours        Pois/Air       4%         N/A       26%         2
 Wereblood                Tmut           2%         N/A       26%         2
 Call Canine Familiar     Summ           2%         N/A       47%         3
 Gell's Gravitas          Tloc           2%         N/A       47%         3
 Summon Guardian Golem    Hex/Summ       2%         N/A       47%         3
 Teleport Other           Tloc           2%         N/A       47%         3
 Agony                    Necr           20%        N/A       45%         5
 Olgreb's Toxic Radiance  Pois           2%         N/A       87%         4
 Dispersal                Tloc           1%         N/A       100%        6
 Summon Hydra             Summ           1%         N/A       100%        7


Dungeon Overview and Level Annotations

Branches:
Dungeon (5/15)
 Temple: D:4-7

Altars:


Innate Abilities, Weirdness & Mutations

You have sharp fingernails.
You are surrounded by a mild repulsion field. (EV +2)
A demonic guardian rushes to your aid.


Message History

The orc priest is almost dead.
The orc wizard gestures wildly while chanting.
The orc wizard flickers and vanishes!
Deactivating autopickup; reactivate with Ctrl-A.
The orc priest calls down the wrath of Beogh upon you.
Beogh smites you!
The orc priest hits your adder zombie with a +0 war axe!
Your adder zombie is destroyed!
You barely miss the orc priest.
The orc priest is almost dead.
Your reaping aura is weakening.
The orc priest looks braver for a moment.
The orc priest mumbles some strange prayers to Beogh against you.
You barely resist. You closely miss the orc priest.
The orc priest is almost dead.
Something closely misses you.
The orc priest hits you with a +0 dagger.
You barely miss the orc priest.
The orc priest is almost dead.
Something barely misses you. The orc priest closely misses you.
You closely miss the orc priest.
The orc priest is almost dead.
You closely miss the orc priest.
The orc priest is almost dead.
The orc hits you but does no damage. Something hits you but does no damage.
The orc priest hits you but does no damage.
The orc priest hits you with a +0 war axe.
You hit the orc priest.
You kill the orc priest!
The dead are walking!
The orc priest completely misses you. The orc hits you with a +0 dagger.
Something barely misses you.
Your reaping aura expires.
Something barely misses you. Something hits you but does no damage.
The orc priest attacks as you move away!
The orc priest misses you.
The orc priest calls down the wrath of Beogh upon you.
Beogh smites you!
You die...

. ### ..
####.### ...
##.#....#
....#..@o..#
.?........##
......Z..o.#
........).##
.......[..#
.........##
).........
...........
.....?......


You could see an orc priest (ally target), an orc and a friendly orc priest
zombie.

Vanquished Creatures
  A jelly (D:4)
  2 orc priests
  An iguana (D:4)
  4 adders
  2 ufetubi (D:4)
  3 worms
  2 dart slugs
  6 orcs
  7 ball pythons
  A bat (D:2)
  5 endoplasms
  A giant cockroach (D:1)
  6 goblins
  7 hobgoblins
  A quokka (D:4)
  2 frilled lizards
  4 kobolds
  3 rats
58 creatures vanquished.

Vanquished Creatures (collateral kills)
  Blork the orc (D:4)
  3 orcs (D:4)
  A goblin (D:4)
  A hobgoblin (D:4)
6 creatures vanquished.

Vanquished Creatures (others)
  An adder zombie (D:5)
1 creature vanquished.

Grand Total: 65 creatures vanquished

Notes
Turn   | Place    | Note
-------+----------+-------------------------------------------
     0 | D:1      | Graphine the Demonspawn Necromancer began the quest for the
                  | Orb.
     0 | D:1      | Reached XP level 1. HP: 13/13 MP: 3/3
   253 | D:1      | Gained mutation: A weak demonic guardian rushes to your
                  | aid. [demonic ancestry]
   253 | D:1      | Reached XP level 2. HP: 19/19 MP: 1/5
  1415 | D:2      | Gained mutation: You have sharp fingernails. [demonic
                  | ancestry]
  1415 | D:2      | Reached XP level 3. HP: 24/24 MP: 6/6
  1870 | D:3      | Reached skill level 1 in Short Blades
  2072 | D:3      | Gained mutation: A demonic guardian rushes to your aid.
                  | [demonic ancestry]
  2072 | D:3      | Reached XP level 4. HP: 28/30 MP: 3/7
  2344 | D:4      | Reached skill level 5 in Necromancy
  2673 | D:4      | Gained mutation: You are surrounded by a mild repulsion
                  | field. (EV +2) [demonic ancestry]
  2673 | D:4      | Reached XP level 5. HP: 19/35 MP: 3/9
  2788 | D:4      | Noticed Blork the orc
  2799 | D:4      | Killed Blork the orc
  3464 | D:4      | Reached XP level 6. HP: 39/41 MP: 11/11
  3539 | D:4      | Learned a level 3 spell: Vampiric Draining
  3544 | D:4      | Learned a level 4 spell: Animate Dead
  3545 | D:5      | Entered Level 5 of the Dungeon
  3575 | D:5      | Killed from afar by an orc priest

Illustrated notes

Levels and vault maps discovered:
D:1:      dpeg_arrival_more_subterranean_lakeside_camping, layout_basic,
          st_stairs_13
D:2:      layout_basic
D:3:      layout_basic, kennysheep_generic_room_2
D:4:      layout_basic, uniq_blork_the_orc
D:5:      layout_cave_pools, serial_shops, nicolae_shop_waterfront,
          roderic_lattice_a

Skill      XL: |  1  2  3  4  5 |
---------------+----------------+-----
Dodging        | 2 3 |  3.3
Short Blades   | 1 2 |  2.3
Necromancy     | 5 |  5.5
Spellcasting   | 3 |  3.4
Maces & Flails | |  0.7
Stealth        | |  1.7

Action                     |  1- 3 |  4- 6 || total
---------------------------+-------+-------++-------
  Melee: Spear             |    15 |       ||    15
         Short sword       |    55 |    58 ||   113
   Cast: Necrotise         |    30 |    32 ||    62
         Animate Dead      |       |     1 ||     1
    Use: Scroll            |     7 |     4 ||    11
         Potion            |       |     1 ||     1
   Stab: Sleeping          |     3 |     1 ||     4
 Armour: Robe              |    13 |    12 ||    25
  Dodge: Dodged            |    37 |    41 ||    78
